 Dungeon Crawl Stone Soup version 0.29.1-13-g9f3cf754e1 (webtiles) character file.

Game seed: 12438246962959604994

62 tizbic2 the Shooter (level 4, -4/30 HPs)
             Began as an Octopode Hunter on Feb 11, 2023.
             Was a Believer of Lugonu.
             Slain by Grinder (5 damage)
             ... on level 3 of the Dungeon.
             The game lasted 00:12:21 (1669 turns).

tizbic2 the Shooter (Octopode Hunter)               Turns: 1669, Time: 00:12:22

Health: -4/30      AC:  1    Str: 10    XL:     4   Next: 8%
Magic:  5/5        EV:  8    Int: 11    God:    Lugonu [**....]
Gold:   95         SH:  7    Dex: 17    Spells: 5/5 levels left

rFire   . . .      SeeInvis .   o - +0 sling
rCold   . . .      Faith    .   i - +0 kite shield
rNeg    + . .      Spirit   .   (helmet restricted)
rPois   .          Reflect  .   (no amulet)
rElec   .          Harm     .   m - ring of positive energy
rCorr   .          Rampage  .   (no ring)
Will    .....                   (no ring)
Stlth   +++.......              (no ring)
HPRegen 0.10/turn               (no ring)
MPRegen 0.09/turn               (no ring)
                                (no ring)
                                (no ring)

@: mighty, constricted
A: almost no armour, amphibious, 8 rings, camouflage 1, gelatinous body 1,
(nimble swimmer 1), tentacles
a: Renounce Religion, Depart the Abyss, Bend Space


You were on level 3 of the Dungeon.
You worshipped Lugonu.
Lugonu was pleased with you.
You visited 1 branch of the dungeon, and saw 3 of its levels.

You collected 95 gold pieces.

Inventory:

Hand Weapons
 a - a +0 dagger
 f - a +0 short sword
 o - a +0 sling (weapon)
 w - a +0 shortbow
Armour
 i - a +0 kite shield (worn)
Jewellery
 m - a ring of positive energy (left tentacle)
Scrolls
 b - 2 scrolls of immolation
 j - a scroll of fear {unknown}
 l - a scroll of poison {unknown}
 n - a scroll of blinking {unknown}
Potions
 c - a potion of haste
 d - a potion of invisibility {unknown}
 k - a potion of flight {unknown}


   Skills:
 + Level 2.5 Fighting
 - Level 0.2 Short Blades
 * Level 4.5 Ranged Weapons
 - Level 2.1 Dodging
 - Level 2.3 Stealth
 + Level 0.1 Shields
 + Level 1.1 Spellcasting


You had 5 spell levels left.
You didn't know any spells.
Your spell library contained the following spells:

 Spells                   Type           Power      Damage    Failure   Level
 Ozocubu's Armour         Ice            0%         N/A       98%         3
 Ozocubu's Refrigeration  Ice            0%         4d7       100%        7


Dungeon Overview and Level Annotations

Branches:
Dungeon (3/15)

Altars:
Lugonu

Annotations:
D:3 Grinder


Innate Abilities, Weirdness & Mutations

You cannot wear most types of armour.
You are amphibious.
You can wear up to eight rings at the same time.
Your skin changes colour to match your surroundings (Stealth+).
Your rubbery body absorbs attacks. (AC +1, EV +1)
((You are camouflaged when in or above water. (Stealth+)))
You have tentacles for arms and can constrict up to eight enemies at once.


Message History

You shoot a sling bullet.
The sling bullet hits Grinder but does no damage.
Grinder is severely wounded.
You block Grinder's attack.
Grinder blinks!
The ball python bites you.
* * * LOW HITPOINT WARNING * * *
The ball python closely misses you.
You feel better. You block the ball python's attack. x2
Fire: o) +0 sling
Press: ? - help, Q - select action, (/) - cycle Shift-Dir - straight line, f/p - Grinder
Aim: Grinder (severely wounded, 57% to hit)
You shoot a sling bullet.
The sling bullet closely misses Grinder.
The ball python bites you.
* * * LOW HITPOINT WARNING * * *
The ball python grabs you. The ball python constricts you.
* * * LOW HITPOINT WARNING * * *
Grinder barely misses you.
You feel better. You block the ball python's attack.
The ball python constricts you.
A hobgoblin comes into view.
Grinder hits you. The ball python bites you.
* * * LOW HITPOINT WARNING * * *
The ball python constricts you.
* * * LOW HITPOINT WARNING * * *
Fire: o) +0 sling
Press: ? - help, Q - select action, (/) - cycle Shift-Dir - straight line, f/p - Grinder
Aim: Grinder (severely wounded, 57% to hit)
You shoot a sling bullet.
The sling bullet closely misses Grinder.
The hobgoblin shouts!
Grinder says, "FISH!"
Grinder gestures at you. Pain shoots through your body!
* * * LOW HITPOINT WARNING * * *
The ball python bites you.
* * * LOW HITPOINT WARNING * * *
The ball python constricts you.
* * * LOW HITPOINT WARNING * * *
Grinder hits you.
You die...

#..#####
##.#
#......#
#...
##.#####
#....
#.######
##...
#......#
####
#..###..#
#..# .#..#
#..##.##
..$#
#.@5..|#
##.
##S###...#
... .#
..#.. .#.
... #.##
.... #
#.g..
#....


You could see Grinder, a hobgoblin and a ball python.

Vanquished Creatures
  An adder (D:2)
  A worm (D:2)
  A dart slug (D:1)
  A ball python (D:2)
  6 endoplasms
  2 giant cockroaches
  4 goblins
  2 hobgoblins
  6 jackals (D:2)
  4 quokkas
  7 bats
  A frilled lizard (D:2)
  2 kobolds (D:1)
  7 rats
45 creatures vanquished.

Vanquished Creatures (others)
  5 plants (D:2)
5 creatures vanquished.

Grand Total: 50 creatures vanquished

Notes
Turn   | Place    | Note
-------+----------+-------------------------------------------
     0 | D:1      | tizbic2 the Octopode Hunter began the quest for the Orb.
     0 | D:1      | Reached XP level 1. HP: 14/14 MP: 1/1
    79 | D:1      | Reached XP level 2. HP: 19/19 MP: 2/2
   247 | D:1      | Found a faded altar of an unknown god.
   260 | D:1      | Prayed at the altar of an unknown god.
   260 | D:1      | Became a worshipper of Lugonu the Unformed
   260 | D:1      | Reached * piety under Lugonu
   260 | D:1      | Reached ** piety under Lugonu
   699 | D:2      | Reached XP level 3. HP: 21/24 MP: 3/3
   937 | D:2      | Reached skill level 1 in Spellcasting
  1561 | D:3      | Reached XP level 4. HP: 30/30 MP: 5/5
  1641 | D:3      | Noticed Grinder
  1650 | D:3      | Paralysed by Grinder for 2 turns
  1656 | D:3      | HP: 1/30 [Grinder/nerve-wracking pain (5)]
  1669 | D:3      | HP: 1/30 [constriction (1)]
  1669 | D:3      | Slain by Grinder

Illustrated notes

Levels and vault maps discovered:
D:1:      matt_arrival_diagonals, layout_basic, ebering_ecumenical_altar_box
D:2:      layout_basic, serial_bayou, serial_bayou_pond_e, serial_bayou_pond_e,
          serial_bayou_pond_a, serial_bayou_lake_a, corner_web_ring
D:3:      layout_loops_ring, lemuel_blue_sif_altar,
          wander_ebering_terrifying_dragon_lair, uniq_grinder, uniq_jessica

Skill      XL: |  1  2  3 |
---------------+----------+-----
Stealth        | 2 |  2.3
Spellcasting   | 1 |  1.1
Fighting       | |  2.5
Short Blades   | |  0.2
Ranged Weapons | |  4.5
Dodging        | |  2.1
Shields        | |  0.1

Action                   |  1- 3 |  4- 6 || total
-------------------------+-------+-------++-------
Melee: Dagger            |    10 |       ||    10
       Tentacles         |     3 |       ||     3
       Constrict         |     2 |       ||     2
 Fire: Shortbow          |    80 |       ||    80
       Sling             |     3 |    22 ||    25
Invok: Bend Space        |     3 |     2 ||     5
  Use: Scroll            |     3 |     1 ||     4
       Potion            |       |     5 ||     5
Armor: Skin              |     2 |       ||     2
Dodge: Dodged            |    25 |     6 ||    31
Block: Kite shield       |       |     7 ||     7
